 Dungeon Crawl Stone Soup version 0.27.1-1-g398f81649c (webtiles) character file.

Game seed: 833714358977712131

72 nxtlvl the Ruffian (level 4, -7/35 HPs)
             Began as a Minotaur Transmuter on Sept 18, 2021.
             Mangled by Blork the orc (10 damage)
             ... on level 4 of the Dungeon.
             The game lasted 00:02:05 (259 turns).

nxtlvl the Ruffian (Minotaur Transmuter)             Turns: 259, Time: 00:02:05

Health: -7/35      AC:  2    Str: 15    XL:     4   Next: 6%
Magic:  3/5        EV: 11    Int: 10    God:
Gold:   32         SH:  3    Dex: 11    Spells: 4/5 levels left

rFire    . . .     SeeInvis .     - Unarmed
rCold    . . .     Faith    .   c - +0 buckler
rNeg     . . .     Spirit   .   a - +0 robe
rPois    .         Reflect  .   (helmet currently unavailable)
rElec    .         Harm     .   (no cloak)
rCorr    .         Rampage  .   (no gloves)
Will     .....                  (boots currently unavailable)
Stlth    +.........             (no amulet)
HPRegen  0.11/turn              (no ring)
MPRegen  0.09/turn              (no ring)

@: appendages (expiring)
A: talons 2, horns 2, retaliatory headbutt
a: End Transformation


You were on level 4 of the Dungeon.
You had temporarily grown beastly talons.
You visited 1 branch of the dungeon, and saw 4 of its levels.

You collected 32 gold pieces.

Inventory:

Missiles
 g - 18 bolts
Armour
 a - a +0 robe (worn)
 c - a +0 buckler (worn)
Scrolls
 b - a scroll of enchant weapon {unknown}
 d - a scroll of summoning {unknown}
 f - a scroll of identify {unknown}
Potions
 e - a potion of flight {unknown}


   Skills:
 - Level 1.2 Fighting
 - Level 2.1 Dodging
 * Level 5.4 Unarmed Combat
 - Level 1.3 Spellcasting
 - Level 1.5 Transmutations


You had 4 spell levels left.
You knew the following spells:

 Your Spells              Type           Power      Damage    Failure   Level
a - Beastly Appendage     Tmut           6%         N/A       30%         1

Your spell library contained the following spells:

 Spells                   Type           Power      Damage    Failure   Level
 Wereblood                Tmut           3%         N/A       41%         2
 Spider Form              Tmut/Pois      1%         N/A       77%         3
 Ice Form                 Ice/Tmut       2%         N/A       99%         4


Dungeon Overview and Level Annotations

Branches:
Dungeon (4/15)
 Temple: D:4-7

Altars:

Shops:
D:1 [

Annotations:
D:4 Blork the orc


Innate Abilities, Weirdness & Mutations

You have temporarily grown beastly talons.
You have a pair of horns on your head.
You reflexively headbutt those who attack you in melee.


Message History

The hobgoblin is severely wounded.
Your transformation is almost over.
You block the hobgoblin's attack.
You hit the hobgoblin.
You kill the hobgoblin!
You open the door.
Found a red potion.
There is an open door here.
Blork the orc comes into view.
He is wielding a +0 trident.
Found 14 stones.
Blork the orc shouts!
You aren't carrying any items that you can evoke.
Okay, then.
Blork the orc mumbles some strange words.
Blork the orc seems to speed up.
Really walk into that dispersal trap?
You enter a dispersal trap!
You blink.
Your magical contamination has completely faded away.
Your talons disappear.
Blork the orc gestures at you while chanting.
The magic dart hits you!
Blork the orc gestures at you while chanting.
The puff of flame hits you!
* * * LOW HITPOINT WARNING * * *
Really walk into that dispersal trap?
You enter a dispersal trap!
Blork the orc blinks! x2; You blink.
You open the door.
There is an open door here.
You close the door.
Casting: Beastly Appendage (safe; 30% risk of failure)
Confirm with . or Enter, or press ? or * to list all spells.
Your feet morph into talons.
Blork the orc hits you from afar with a +0 trident!
* * * LOW HITPOINT WARNING * * *
Blork the orc misses you.
Found 14 gold pieces and 23 stones.
You block Blork the orc's attack.
You barely miss Blork the orc. Your kick misses Blork the orc.
Blork the orc barely misses you.
Blork the orc hits you with a +0 trident!
You die...

. #.^.##..##....##
....... +...##..##....##
....... #...##).##....##
....... #...##...#....#.
#..... #...#....'....#.
##...$. #...+....#....#.
....... ##+###+###..####
......o##..###.###..####
.......@................
##.....##...............
#..... #..###.####.##..
....... #### # # #.####
....... ... ....... ....
....... ...... ......(
..##... ... #+


You could see Blork the orc (fast).

Vanquished Creatures
  A bullfrog (D:3)
  2 endoplasms (D:3)
  A goblin (D:2)
  A hobgoblin (D:4)
  2 ball pythons (D:3)
7 creatures vanquished.

Notes
Turn   | Place    | Note
-------+----------+-------------------------------------------
     0 | D:1      | nxtlvl the Minotaur Transmuter began the quest for the Orb.
     0 | D:1      | Reached XP level 1. HP: 16/16 MP: 1/1
    33 | D:1      | Found Akyisiof's Armour Shoppe.
   162 | D:3      | Noticed a bullfrog
   170 | D:3      | Killed a bullfrog
   171 | D:3      | Reached skill level 5 in Unarmed Combat
   171 | D:3      | Reached XP level 2. HP: 13/23 MP: 0/3
   171 | D:3      | Reached XP level 3. HP: 16/28 MP: 0/4
   174 | D:3      | Reached XP level 4. HP: 19/35 MP: 0/5
   242 | D:4      | Noticed Blork the orc
   259 | D:4      | Mangled by Blork the orc

Illustrated notes

Levels and vault maps discovered:
D:1:      dpeg_arrival_rooms_b, layout_basic, serial_shops, shop,
          chequers_ecumenical_altar_island, st_stairs_6
D:2:      layout_basic, moated_statue
D:3:      layout_rooms, okawaru_gym_becter
D:4:      layout_gridville, lemuel_temple_firewalk_b, nrook_mini_vaults,
          uniq_blork_the_orc

Skill      XL: |  1 |
---------------+----+-----
Unarmed Combat | 5 |  5.4
Fighting       | |  1.2
Dodging        | |  2.1
Spellcasting   | |  1.3
Transmutations | |  1.5

Action                   |  1- 3 |  4- 6 || total
-------------------------+-------+-------++-------
Melee: Unarmed           |     9 |     6 ||    15
       Kick              |     2 |       ||     2
       Headbutt          |     1 |     2 ||     3
 Cast: Beastly Appendage |     2 |     3 ||     5
Armor: Robe              |     1 |       ||     1
Dodge: Dodged            |     4 |     2 ||     6
Block: Buckler           |       |     3 ||     3
